 Dungeon Crawl Stone Soup version 0.21.1-1-g345015fe64 (webtiles) character file.

111 speak the Skirmisher (level 4, -7/49 HPs)
             Began as an Ogre Berserker on June 13, 2018.
             Was a Believer of Trog.
             Mangled by a gnoll
             ... wielding a +0 spear
              (11 damage)
             ... on level 2 of the Dungeon.
             The game lasted 00:17:20 (2012 turns).

speak the Skirmisher (Ogre Berserker)               Turns: 2012, Time: 00:17:21

Health: -7/49      AC:  3    Str: 21    XL:     4   Next: 92%
Magic:  4/4        EV: 11    Int:  8    God:    Trog [**....]
Gold:   135        SH:  0    Dex:  9    Spells: 3/3 levels left

rFire    . . .     SeeInvis .   m - +1 hand axe (venom)
rCold    . . .     Gourm    .   (no shield)
rNeg     . . .     Faith    .   b - +0 animal skin
rPois    .         Spirit   .   (helmet restricted)
rElec    .         Reflect  .   (no cloak)
rCorr    .         Harm     .   (gloves unavailable)
MR       .....                  (boots unavailable)
Stlth    +.........             (no amulet)
HPRegen  0.16/turn              (no ring)
MPRegen  0.09/turn              (no ring)

@: no status effects
A: large, unfitting armour, tough skin 1
a: Berserk, Trog's Hand, Burn Spellbooks, Renounce Religion


You were on level 2 of the Dungeon.
You worshipped Trog.
Trog was pleased with you.
You were not hungry.

You visited 1 branch of the dungeon, and saw 3 of its levels.

You collected 135 gold pieces.

Inventory:

Hand Weapons
 a - a +0 spear
 e - a +0 spear
 h - a +0 whip
 m - a +1 hand axe of venom (weapon)
Missiles
 f - 138 stones (quivered)
 i - 22 arrows
 r - 14 poisoned needles
Armour
 b - a +0 animal skin (worn)
Jewellery
 g - an uncursed ring of stealth {unknown}
Scrolls
 l - 2 scrolls of remove curse
 n - 2 scrolls of identify
 o - 3 scrolls of magic mapping {unknown}
Potions
 d - a potion of haste {unknown}
 k - a potion of berserk rage {unknown}
 p - a potion of lignification {unknown}
Comestibles
 c - 9 rations


   Skills:
 + Level 4.8 Fighting
 + Level 3.8 Polearms
 + Level 1.7 Throwing
 + Level 3.4 Dodging
 + Level 0.1 Stealth


You had 3 spell levels left.
You didn't know any spells.

Dungeon Overview and Level Annotations

Branches:
Dungeon (3/15)

Altars:


Innate Abilities, Weirdness & Mutations

You are too large for most types of armour.
You have tough skin. (AC +1)


Message History

The giant cockroach is heavily wounded.
The giant cockroach bites you.
* * * LOW HITPOINT WARNING * * *
Your +1 hand axe of venom begins to drip with poison!
m - a +1 hand axe of venom (weapon)
The gnoll barely misses you. The giant cockroach barely misses you.
You slash the giant cockroach!
You kill the giant cockroach!
Trog accepts your kill.
The gnoll hits you from afar with a spear.
* * * LOW HITPOINT WARNING * * *
The gnoll barely misses you. The gnoll hits you with a spear!
* * * LOW HITPOINT WARNING * * *
Unknown command.
As you read the scroll labeled XITZUO JIOSAFA, it crumbles to dust.
The scroll dissolves into smoke.
It was a scroll of fog.
The gnoll misses you. The gnoll closely misses you.
The gnoll hits you from afar with a spear!
You die...

.......................>...#
.................#.........#
#.##########.....#.........#
..# #.....#.........# ###
#.....#.........#
#.....#.........#
#.)...#.§.......# ##
#.....###§##.########.
#....@###§##..........
##...§§g§§§#...#####.# ###
#...§§§§§.#...# #.. ..#
#...§§§§..#...####### ..#
#.........#...#......
..#########
#.........#...#.#####
###.......#
#.........#...#.#....
.##.......#
#.........#.).#.#....
.##.......#
#...............#....


You could see a gnoll.

Vanquished Creatures
  2 gnolls (D:3)
  3 adders (D:2)
  2 oozes (D:1)
  A worm (D:2)
  2 dart slugs
  3 leopard geckos
  2 ball pythons (D:2)
  2 giant cockroaches (D:2)
  A goblin (D:2)
  5 hobgoblins
  6 jackals
  5 bats
  A frilled lizard (D:1)
  5 kobolds
  6 rats
46 creatures vanquished.

Notes
Turn   | Place    | Note
-------+----------+-------------------------------------------
     0 | D:1      | speak the Ogre Berserker began the quest for the Orb.
     0 | D:1      | Reached XP level 1. HP: 24/24 MP: 1/1
    97 | D:1      | Reached XP level 2. HP: 29/33 MP: 2/2
   359 | D:1      | Reached XP level 3. HP: 38/40 MP: 3/3
  1157 | D:2      | Reached skill level 1 in Throwing
  1157 | D:2      | Reached XP level 4. HP: 48/49 MP: 4/4
  1186 | D:2      | Reached ** piety under Trog
  2012 | D:2      | Mangled by a gnoll

Skill      XL: |  1  2  3 |
---------------+----------+-----
Dodging        | 3 |  3.4
Throwing       | 1 |  1.7
Fighting       | |  4.8
Polearms       | |  3.8
Stealth        | |  0.1

Action                   |  1- 3 |  4- 6 || total
-------------------------+-------+-------++-------
Melee: Spear             |   101 |    72 ||   173
       Hand axe          |       |     1 ||     1
Throw: Stone             |    76 |    26 ||   102
  Use: Potion            |     1 |     1 ||     2
       Scroll            |       |     3 ||     3
  Eat: Chunk             |     1 |     2 ||     3
       Ration            |       |     1 ||     1
Armor: Animal skin       |    27 |    22 ||    49
Dodge: Dodged            |    39 |    57 ||    96
